TOP OF THE 1ST |
Nebraska Cornhuskers batting - Pitching for Boston College Eagles : RHP Dave White
|
Pitching: RHP Dave White
|
|
Batting: RHB Jeremy Davidson
|
0-0: Called Strike 0-1: Swinging Strike 0-2: Ball 1-2: Foul Ball, location: 2F 1-2: Ball 2-2: Ball 3-2: Base on Balls
|
Batting: RHB Orlando Valdéz
|
0-0: Called Strike Jeremy Davidson steals 2nd base 0-1: Ball 1-1: SINGLE (Line Drive, 7LM) Jeremy Davidson to third
|
Batting: RHB John Carr
|
0-0: Ball 1-0: DOUBLE (Flyball, 78D) Jeremy Davidson scores Orlando Valdéz to third
|
Batting: LHB Scott Perkins
|
0-0: SINGLE (Groundball, 4D) Orlando Valdéz scores John Carr to third
|
Batting: SHB Carl Rivers
|
0-0: Foul Ball, location: 2F 0-1: Ball 1-1: Ball 2-1: Ball 3-1: Base on Balls Scott Perkins to second
|
Batting: RHB Jeff Belcher
|
0-0: Foul Ball, location: 2F 0-1: Ball 1-1: Ball 2-1: Foul Ball, location: 2F 2-2: Ball 3-2: Base on Balls John Carr scores Scott Perkins to third Carl Rivers to second
|
Batting: RHB David Howard
|
0-0: Ball 1-0: Ball 2-0: Swinging Strike 2-1: Swinging Strike 2-2: Ball 3-2: Base on Balls Scott Perkins scores Carl Rivers to third Jeff Belcher to second
|
Batting: RHB Dave Rodgers
|
0-0: SINGLE (Groundball, 4MD) Carl Rivers scores Jeff Belcher to third David Howard to second Runner from 3rd tries for Home, SAFE, no throw
|
Batting: RHB Paco Cabrera
|
0-0: Called Strike 0-1: Fly out, F8 (Flyball, 78M)
|
Batting: RHB Jeremy Davidson
|
0-0: Called Strike 0-1: 3-RUN HOME RUN (Flyball, 9D), Distance : 370 ft
|
Batting: RHB Orlando Valdéz
|
0-0: Foul Ball, location: 2F 0-1: Foul Ball, location: 2F 0-2: Strikes out swinging
|
Batting: RHB John Carr
|
0-0: Ball 1-0: Ball 2-0: Ball 3-0: Base on Balls
|
Batting: LHB Scott Perkins
|
0-0: Called Strike 0-1: Swinging Strike Passed Ball! John Carr to second 0-2: Strikes out looking
|
Top of the 1st over - 9 runs, 5 hits, 0 errors, 1 left on base; Nebraska 9 - Boston College 0 |
BOTTOM OF THE 1ST |
Boston College Eagles batting - Pitching for Nebraska Cornhuskers : RHP Clarence Parks
|
Pitching: RHP Clarence Parks
|
|
Batting: RHB Johnny Robertson
|
0-0: Foul Ball, location: 2F 0-1: Swinging Strike 0-2: Foul Ball, location: 2F 0-2: Foul Ball, location: 2F 0-2: Ball 1-2: Ball 2-2: Ball 3-2: Strikes out swinging
|
Batting: RHB Shawn Hanner
|
0-0: Foul Ball, location: 2F 0-1: Foul Ball, location: 2F 0-2: Ball 1-2: Ground out 6-3 (Groundball, 6M)
|
Batting: SHB Marvin MacGeoch
|
0-0: Called Strike 0-1: Foul Ball, location: 2F 0-2: Foul Ball, location: 2F 0-2: Ball 1-2: Ball 2-2: Ground out 6-3 (Groundball, 6M)
|
Bottom of the 1st over - 0 runs, 0 hits, 0 errors, 0 left on base; Nebraska 9 - Boston College 0 |
TOP OF THE 2ND |
Nebraska Cornhuskers batting - Pitching for Boston College Eagles : RHP Dave White
|
Batting: SHB Carl Rivers
|
0-0: Ball 1-0: Ground out 4-3 (Groundball, 4S)
|
Batting: RHB Jeff Belcher
|
0-0: Ground out 5-3 (Groundball, 56)
|
Batting: RHB David Howard
|
0-0: Swinging Strike 0-1: Ball 1-1: DOUBLE (Flyball, 8RD)
|
Batting: RHB Dave Rodgers
|
0-0: Ball Wild Pitch! David Howard to third 1-0: Ball 2-0: Called Strike 2-1: Foul Ball, location: 2F 2-2: Foul Ball, location: 2F 2-2: Fly out, F4 (Line Drive, 4)
|
Top of the 2nd over - 0 runs, 1 hit, 0 errors, 1 left on base; Nebraska 9 - Boston College 0 |
BOTTOM OF THE 2ND |
Boston College Eagles batting - Pitching for Nebraska Cornhuskers : RHP Clarence Parks
|
Batting: SHB Walt Gómez
|
0-0: Swinging Strike 0-1: Foul Ball, location: 2F 0-2: Strikes out swinging
|
Batting: SHB Juan Ibarra
|
0-0: Called Strike 0-1: Called Strike 0-2: Ball 1-2: Strikes out swinging
|
Batting: RHB Fernando Rosales
|
0-0: Called Strike 0-1: Fly out, F8 (Flyball, 89M)
|
Bottom of the 2nd over - 0 runs, 0 hits, 0 errors, 0 left on base; Nebraska 9 - Boston College 0 |
TOP OF THE 3RD |
Nebraska Cornhuskers batting - Pitching for Boston College Eagles : RHP Dave White
|
Batting: RHB Paco Cabrera
|
0-0: Called Strike 0-1: SINGLE (Line Drive, 7S)
|
Batting: RHB Jeremy Davidson
|
0-0: Foul Ball, location: 2F 0-1: Foul Ball, location: 2F 0-2: Foul Ball, location: 2F 0-2: Foul Ball, location: 2F 0-2: Ball 1-2: Foul Ball, location: 2F 1-2: Ball 2-2: SINGLE (Line Drive, 56D) Paco Cabrera to second
|
Batting: RHB Orlando Valdéz
|
0-0: Fly out, F8 (Flyball, 8LD)
|
Batting: RHB John Carr
|
0-0: Ball 1-0: Called Strike 1-1: Ball 2-1: Called Strike 2-2: Ball 3-2: Foul Ball, location: 2F 3-2: SINGLE (Groundball, 6MD) Paco Cabrera to third Jeremy Davidson to second
|
Batting: LHB Scott Perkins
|
0-0: Called Strike 0-1: SINGLE (Line Drive, 34D) Paco Cabrera scores Jeremy Davidson to third John Carr to second Runner from 3rd tries for Home, SAFE, no throw
|
Batting: SHB Carl Rivers
|
0-0: Foul Ball, location: 2F 0-1: Called Strike 0-2: Ball 1-2: Ball 2-2: Foul Ball, location: 2F 2-2: Strikes out looking
|
Pitching: LHP Cecil Stone
|
|
Batting: RHB Jeff Belcher
|
0-0: Ground out 3-1 (Groundball, 34S)
|
Top of the 3rd over - 2 runs, 4 hits, 0 errors, 2 left on base; Nebraska 11 - Boston College 0 |
BOTTOM OF THE 3RD |
Boston College Eagles batting - Pitching for Nebraska Cornhuskers : RHP Clarence Parks
|
Batting: RHB Chris West
|
0-0: Foul Ball, location: 2F 0-1: Foul Ball, location: 2F 0-2: Foul Ball, location: 2F 0-2: Ball 1-2: Ball 2-2: Foul Ball, location: 2F 2-2: Foul Ball, location: 2F 2-2: Ball 3-2: Fly out, F4 (Line Drive, 4)
|
Batting: LHB John Clement
|
0-0: Ball 1-0: Called Strike 1-1: Ball 2-1: Ball 3-1: Base on Balls
|
Batting: RHB Doug Becker
|
0-0: Called Strike 0-1: Ball 1-1: Foul Ball, location: 2F 1-2: Foul Ball, location: 2F 1-2: Ball 2-2: Foul Ball, location: 2F 2-2: Ball 3-2: Strikes out swinging
|
Batting: RHB Johnny Robertson
|
0-0: Ball 1-0: Swinging Strike 1-1: Called Strike 1-2: Ball John Clement is caught stealing 2nd base
|
Bottom of the 3rd over - 0 runs, 0 hits, 0 errors, 0 left on base; Nebraska 11 - Boston College 0 |
TOP OF THE 4TH |
Nebraska Cornhuskers batting - Pitching for Boston College Eagles : LHP Cecil Stone
|
Batting: RHB David Howard
|
0-0: Ground out 5-3 (Groundball, 56)
|
Batting: RHB Dave Rodgers
|
0-0: Ball 1-0: Ball 2-0: Called Strike 2-1: Ball 3-1: Swinging Strike 3-2: Base on Balls
|
Batting: RHB Paco Cabrera
|
0-0: Ball 1-0: Called Strike 1-1: Ball 2-1: SINGLE (Line Drive, 56D) Dave Rodgers to second
|
Batting: RHB Jeremy Davidson
|
0-0: Ball 1-0: Called Strike 1-1: Grounds into double play, 5-4-3 (Groundball, 5)
|
Top of the 4th over - 0 runs, 1 hit, 0 errors, 1 left on base; Nebraska 11 - Boston College 0 |
BOTTOM OF THE 4TH |
Boston College Eagles batting - Pitching for Nebraska Cornhuskers : RHP Clarence Parks
|
Batting: RHB Johnny Robertson
|
0-0: Ball 1-0: Called Strike 1-1: Foul Ball, location: 2F 1-2: Ball 2-2: Foul Ball, location: 2F 2-2: Strikes out looking
|
Batting: RHB Shawn Hanner
|
0-0: Foul Ball, location: 2F 0-1: Ground out 6-3 (Groundball, 6)
|
Batting: SHB Marvin MacGeoch
|
0-0: SINGLE (Flyball, 8RS)
|
Batting: SHB Walt Gómez
|
0-0: Called Strike 0-1: Ball 1-1: Foul Ball, location: 2F 1-2: Ball 2-2: Ball 3-2: Base on Balls Marvin MacGeoch to second
|
Batting: SHB Juan Ibarra
|
0-0: Ball 1-0: Ball 2-0: Called Strike 2-1: Called Strike 2-2: Strikes out swinging
|
Bottom of the 4th over - 0 runs, 1 hit, 0 errors, 2 left on base; Nebraska 11 - Boston College 0 |
TOP OF THE 5TH |
Nebraska Cornhuskers batting - Pitching for Boston College Eagles : LHP Cecil Stone
|
Batting: RHB Orlando Valdéz
|
0-0: Foul Ball, location: 2F 0-1: Reached on error, E6 (Groundball, 6)
|
Batting: RHB John Carr
|
0-0: Called Strike 0-1: Ball 1-1: Ball 2-1: Swinging Strike 2-2: Ball 3-2: Strikes out swinging
|
Batting: LHB Scott Perkins
|
0-0: Ball 1-0: Foul Ball, location: 2F 1-1: Ball 2-1: Called Strike 2-2: Ball 3-2: Strikes out swinging
|
Batting: SHB Carl Rivers
|
0-0: Fly out, F4 (Flyball, 4D)
|
Top of the 5th over - 0 runs, 0 hits, 1 error, 1 left on base; Nebraska 11 - Boston College 0 |
BOTTOM OF THE 5TH |
Boston College Eagles batting - Pitching for Nebraska Cornhuskers : RHP Clarence Parks
|
Batting: RHB Fernando Rosales
|
0-0: Ball 1-0: Ball 2-0: Ball 3-0: Base on Balls
|
Batting: RHB Chris West
|
0-0: Swinging Strike 0-1: Ball 1-1: Ball 2-1: Ball 3-1: Called Strike 3-2: Base on Balls Fernando Rosales to second
|
Pitching: RHP Júlio Ramos
|
|
Batting: LHB John Clement
|
0-0: Fielders Choice at 2nd, 3-6 (Groundball, 34) Fernando Rosales to third
|
Batting: RHB Doug Becker
|
0-0: Fly out, F9 (Flyball, 89M) Runner from 3rd tags up, OUT at HOME
|
Bottom of the 5th over - 0 runs, 0 hits, 0 errors, 1 left on base; Nebraska 11 - Boston College 0 |
TOP OF THE 6TH |
Nebraska Cornhuskers batting - Pitching for Boston College Eagles : LHP Cecil Stone
|
Batting: RHB Jeff Belcher
|
0-0: Ball 1-0: Ground out 5-3 (Groundball, 56)
|
Batting: RHB David Howard
|
0-0: Foul Ball, location: 2F 0-1: Swinging Strike 0-2: DOUBLE (Groundball, 5L)
|
Batting: RHB Dave Rodgers
|
0-0: Ball 1-0: Fly out, F9 (Flyball, 89S)
|
Batting: RHB Paco Cabrera
|
0-0: Ball 1-0: Ball 2-0: SINGLE (Flyball, 89M) David Howard to third Runner from 3rd tries for Home, SAFE, no throw
|
Batting: RHB Jeremy Davidson
|
0-0: Ground out 4-3 (Groundball, 4S)
|
Top of the 6th over - 1 run, 2 hits, 0 errors, 1 left on base; Nebraska 12 - Boston College 0 |
BOTTOM OF THE 6TH |
Boston College Eagles batting - Pitching for Nebraska Cornhuskers : RHP Júlio Ramos
|
Batting: RHB Johnny Robertson
|
0-0: Swinging Strike 0-1: SINGLE (Line Drive, 6M)
|
Batting: RHB Shawn Hanner
|
0-0: Ball 1-0: Ball 2-0: Foul Ball, location: 2F 2-1: Ball 3-1: Base on Balls Johnny Robertson to second
|
Batting: SHB Marvin MacGeoch
|
0-0: Called Strike 0-1: Ball 1-1: Ball 2-1: Ball 3-1: Base on Balls Johnny Robertson to third Shawn Hanner to second
|
Batting: SHB Walt Gómez
|
0-0: Ball 1-0: Called Strike 1-1: Called Strike 1-2: Strikes out swinging
|
Batting: SHB Juan Ibarra
|
0-0: Ball 1-0: Ball 2-0: Swinging Strike 2-1: Ball 3-1: Base on Balls Johnny Robertson scores Shawn Hanner to third Marvin MacGeoch to second
|
Batting: RHB Fernando Rosales
|
0-0: Called Strike 0-1: Ball 1-1: Swinging Strike 1-2: Strikes out swinging
|
Batting: RHB Chris West
|
0-0: Ball 1-0: Called Strike 1-1: Ball 2-1: Ball 3-1: GRAND SLAM HOME RUN (Flyball, 9D), Distance : 353 ft
|
Batting: LHB John Clement
|
0-0: Ball 1-0: Called Strike 1-1: Called Strike 1-2: Ball 2-2: Ball 3-2: Base on Balls
|
Batting: RHB Doug Becker
|
0-0: Called Strike John Clement steals 2nd base 0-1: Ground out 1-3 (Groundball, P)
|
Bottom of the 6th over - 5 runs, 2 hits, 0 errors, 1 left on base; Nebraska 12 - Boston College 5 |
TOP OF THE 7TH |
Nebraska Cornhuskers batting - Pitching for Boston College Eagles : LHP Cecil Stone
|
Batting: RHB Orlando Valdéz
|
0-0: Fly out, F8 (Flyball, 8RM)
|
Batting: RHB John Carr
|
0-0: Foul Ball, location: 2F 0-1: Fly out, F7 (Flyball, 78D)
|
Batting: LHB Scott Perkins
|
0-0: Ball 1-0: Foul Ball, location: 2F 1-1: Ball 2-1: Swinging Strike 2-2: Strikes out swinging
|
Top of the 7th over - 0 runs, 0 hits, 0 errors, 0 left on base; Nebraska 12 - Boston College 5 |
BOTTOM OF THE 7TH |
Boston College Eagles batting - Pitching for Nebraska Cornhuskers : RHP Júlio Ramos
|
Batting: RHB Johnny Robertson
|
0-0: Ball 1-0: Called Strike 1-1: Ball 2-1: Foul Ball, location: 2F 2-2: Ball 3-2: Base on Balls
|
Batting: RHB Shawn Hanner
|
0-0: Foul Ball, location: 2F 0-1: Called Strike 0-2: Ball 1-2: Ball 2-2: Ball 3-2: Base on Balls Johnny Robertson to second
|
Batting: SHB Marvin MacGeoch
|
0-0: Ball 1-0: Ball 2-0: Fly out, F6 (Popup, P)
|
Batting: SHB Walt Gómez
|
0-0: Fly out, F8 (Flyball, 78M)
|
Batting: SHB Juan Ibarra
|
0-0: Called Strike 0-1: Foul Ball, location: 2F 0-2: Ball 1-2: Ball 2-2: Ball 3-2: Ground out 6-3 (Groundball, 6)
|
Bottom of the 7th over - 0 runs, 0 hits, 0 errors, 2 left on base; Nebraska 12 - Boston College 5 |
TOP OF THE 8TH |
Nebraska Cornhuskers batting - Pitching for Boston College Eagles : LHP Cecil Stone
|
Batting: SHB Carl Rivers
|
0-0: Called Strike 0-1: Ball 1-1: Ball 2-1: Foul Ball, location: 2F 2-2: Ground out 5-3 (Groundball, 5)
|
Batting: RHB Jeff Belcher
|
0-0: SINGLE (Groundball, 34D)
|
Batting: RHB David Howard
|
0-0: Called Strike 0-1: Ball 1-1: Swinging Strike 1-2: Strikes out swinging
|
Batting: RHB Dave Rodgers
|
0-0: Ball 1-0: Swinging Strike 1-1: Foul Ball, location: 2F 1-2: Ball 2-2: Foul Ball, location: 2F 2-2: Ball 3-2: Foul Ball, location: 2F 3-2: Base on Balls Jeff Belcher to second
|
Batting: RHB Paco Cabrera
|
0-0: Fly out, F8 (Flyball, 8LM)
|
Top of the 8th over - 0 runs, 1 hit, 0 errors, 2 left on base; Nebraska 12 - Boston College 5 |
BOTTOM OF THE 8TH |
Boston College Eagles batting - Pitching for Nebraska Cornhuskers : RHP Júlio Ramos
|
Now at 3B: Conner Whitney
|
|
Batting: RHB Fernando Rosales
|
0-0: Swinging Strike 0-1: Fly out, F8 (Flyball, 8RS)
|
Batting: RHB Chris West
|
0-0: Called Strike 0-1: Swinging Strike 0-2: Ball 1-2: Ball 2-2: Strikes out swinging
|
Batting: LHB John Clement
|
0-0: Ball 1-0: Swinging Strike 1-1: Ball 2-1: Ball 3-1: Called Strike 3-2: Base on Balls
|
Batting: RHB Doug Becker
|
0-0: Called Strike 0-1: Called Strike 0-2: Ball 1-2: Strikes out looking
|
Bottom of the 8th over - 0 runs, 0 hits, 0 errors, 1 left on base; Nebraska 12 - Boston College 5 |
TOP OF THE 9TH |
Nebraska Cornhuskers batting - Pitching for Boston College Eagles : LHP Cecil Stone
|
Batting: RHB Jeremy Davidson
|
0-0: Called Strike 0-1: Ground out 5-3 (Groundball, 56)
|
Batting: RHB Orlando Valdéz
|
0-0: Called Strike 0-1: Ball 1-1: Fly out, F8 (Flyball, 8LM)
|
Batting: RHB John Carr
|
0-0: Foul Ball, location: 2F 0-1: Foul Ball, location: 2F 0-2: Foul Ball, location: 2F 0-2: Ground out 1-3 (Groundball, 13)
|
Top of the 9th over - 0 runs, 0 hits, 0 errors, 0 left on base; Nebraska 12 - Boston College 5 |
BOTTOM OF THE 9TH |
Boston College Eagles batting - Pitching for Nebraska Cornhuskers : RHP Júlio Ramos
|
Batting: RHB Johnny Robertson
|
0-0: Ball 1-0: Swinging Strike 1-1: Foul Ball, location: 2F 1-2: Strikes out swinging
|
Pitching: RHP Javier Rodríguez
|
|
Batting: RHB Shawn Hanner
|
0-0: Foul Ball, location: 2F 0-1: Swinging Strike 0-2: Strikes out looking
|
Batting: SHB Marvin MacGeoch
|
0-0: Called Strike 0-1: Foul Ball, location: 2F 0-2: Fly out, F8 (Flyball, 78D)
|
Bottom of the 9th over - 0 runs, 0 hits, 0 errors, 0 left on base; Nebraska 12 - Boston College 5 |
|